 Dungeon Crawl Stone Soup version 0.17-a0-1497-g03599f7 (webtiles) character file.

49 urechis the Skirmisher (level 3, -10/24 HPs)
             Began as a Gargoyle Fighter on July 6, 2015.
             Mangled by Robin
             ... wielding a +1 spear of distortion
              (23 damage)
             ... on level 2 of the Dungeon.
             The game lasted 00:02:17 (1050 turns).

urechis the Skirmisher (Gargoyle Fighter)           Turns: 1050, Time: 00:02:19

Health: -10/24     AC: 13    Str: 19    XL:     3   Next: 77%
Magic:  3/3        EV:  7    Int:  8    God:
Gold:   25         SH:  9    Dex: 10    Spells: 0 memorised, 2 levels left

rFire  . . .     SeeInvis .     a - +0 flail
rCold  . . .     Clarity  .     b - +0 scale mail
rNeg   + . .     SustAt   .     c - +0 shield
rPois  ∞         Gourm    .     (no helmet)
rElec  +         Spirit   .     (no cloak)
rCorr  .         Warding  .     (no gloves)
rMut   .         Stasis   .     l - +2 pair of boots
MR     .....                    (no amulet)
Stlth  ..........               (no ring)
                                (no ring)

@: not resistant to hostile enchantments, extremely unstealthy
A: negative energy resistance 1, electricity resistance, unbreathing,
petrification resistance, rot immunity, AC +3
a: no special abilities


You were on level 2 of the Dungeon.
You were hungry.

You visited 1 branch of the dungeon, and saw 2 of its levels.

You collected 25 gold pieces.

Inventory:

Hand weapons
 a - a +0 flail (weapon)
Armour
 b - a +0 scale mail (worn)
 c - a +0 shield (worn)
 l - a +2 pair of boots (worn)
Scrolls
 g - a scroll of teleportation {unknown}
 h - 2 scrolls of enchant weapon {unknown}
 i - a scroll of enchant armour {unknown}
 j - a scroll of fog {unknown}
 k - a scroll of fear {unknown}
 n - 2 scrolls of noise {unknown}
Potions
 d - a potion of might
 f - a potion of agility {unknown}
 m - a potion of curing {unknown}
Comestibles
 e - 2 bread rations
 o - 2 fruits


   Skills:
 + Level 4.2 Fighting
 + Level 3.1 Maces & Flails
 - Level 3.2 Armour
 - Level 3.2 Shields


You had 2 spell levels left.
You didn't know any spells.

Dungeon Overview and Level Annotations

Branches:
Dungeon (2/15)

Altars:
Ashenzari

Annotations:
D:2 Robin


Innate Abilities, Weirdness & Mutations

You are resistant to torment.
Your stone body is resilient (AC +3).
You are immune to poison.
You resist negative energy.
You are resistant to electric shocks.
You can survive without breathing.
You are immune to petrification.
You are immune to rotting.


Message History

You hit Robin but do no damage. The goblin hits you but does no damage.
Robin throws the goblin at you! You block the goblin's attack.
A goblin comes into view.
The goblin shouts!
You sock Robin!
Robin is heavily wounded.
The goblin completely misses you. Robin throws the goblin at you!
You block the goblin's attack.
You closely miss Robin.
Robin is heavily wounded.
The goblin completely misses you. Robin hits you but does no damage.
Space bends around you. The goblin hits you but does no damage.
The goblin hits you with a dagger.
You closely miss Robin.
Robin is heavily wounded.
Robin roars a battlecry!
The goblin goes into a battle-frenzy!
Robin hits you but does no damage. Space warps horribly around you!
Ouch! That really hurt!
You die...

......# #..#.................g)g.
......###.................###gg##
......##...[..............# ##.
#....##..##.#........##.... gg
##.##...###.##....).## ...# ##g
#.##.### #..####..g# ### #g
##..#.# ##....#.g.## ## #.....#
####.#g...## ......## #g@.....##
.......## #g.......##
........########........####
......#..............##....#
#....###########.....÷......
....## ###..#####.#. ##### ####
..


You could see Robin, a hobgoblin (frenzied) and 3 goblins.

Vanquished Creatures
  An ooze (D:2)
  A giant gecko (D:1)
  8 bats
  A giant cockroach (D:2)
  7 hobgoblins
  7 kobolds
  A quokka (D:2)
  3 giant newts
  7 goblins
  2 jackals (D:2)
  3 rats
41 creatures vanquished.

Notes
Turn   | Place    | Note
--------------------------------------------------------------
     0 | D:1      | urechis the Gargoyle Fighter began the quest for the Orb.
     0 | D:1      | Reached XP level 1. HP: 14/14 MP: 1/1
   151 | D:1      | Found a shattered altar of Ashenzari.
   177 | D:1      | Reached XP level 2. HP: 17/19 MP: 2/2
   774 | D:2      | Reached XP level 3. HP: 24/24 MP: 3/3
   797 | D:2      | Reached skill level 4 in Fighting
   932 | D:2      | Noticed Robin
  1050 | D:2      | Mangled by Robin

Vault maps used:
D:1:      dpeg_arrival_stone_temple_mockup, minmay_misc_feat_four_crosses,
          ashenzari_altar_1
D:2:      uniq_robin

Action                   || total
-------------------------++-------
Melee: Flail             ||   121
